 Dungeon Crawl Stone Soup version 0.29.1-15-g9cfb28693d (webtiles) character file.

Game seed: 8940218498200230753

861 Sanktem7 the Blocker (level 7, -1/55 (57) HPs)
             Began as a Minotaur Fighter on Mar 8, 2023.
             Slain by an ogre
             ... wielding a +0 giant club
              (17 damage)
             ... on level 5 of the Dungeon.
             The game lasted 00:09:18 (4327 turns).

Sanktem7 the Blocker (Minotaur Fighter)             Turns: 4327, Time: 00:09:18

HP:   -1/55 (57)    AC: 14    Str: 22    XL:     7   Next: 71%
MP:   6/6           EV:  7    Int:  5    God:
Gold: 747           SH:  6    Dex: 10    Spells: 6/6 levels left

rFire   . . .      SeeInvis +   a - +0 war axe {axe}
rCold   . . .      Faith    .   c - +0 buckler
rNeg    . . .      Spirit   .   n - +1 chain mail
rPois   .          Reflect  .   (helmet restricted)
rElec   .          Harm     .   (no cloak)
rCorr   .          Rampage  .   (no gloves)
Will    .....                   A - +2 pair of boots
Stlth   ..........              (no amulet)
HPRegen 0.18/turn               b - ring of see invisible
MPRegen 0.10/turn               (no ring)

@: lightly drained
A: horns 2, retaliatory headbutt
a: no special abilities


You were on level 5 of the Dungeon.
You visited 1 branch of the dungeon, and saw 5 of its levels.

You collected 747 gold pieces.


Innate Abilities, Weirdness & Mutations

You have a pair of horns on your head.
You reflexively headbutt those who attack you in melee.


   Skills:
 - Level 3.6 Fighting
 - Level 2.4 Axes
 - Level 6.0 Armour
 * Level 10.0 Shields


You had 6 spell levels left.
You didn't know any spells.
Your spell library contained the following spells:

 Spells                   Type           Power      Damage    Failure   Level
 Magic Dart               Conj           0%         1d3       99%         1
 Call Imp                 Summ           0%         N/A       100%        2
 Gell's Gravitas          Tloc           0%         N/A       100%        3
 Ignite Poison            Fire/Tmut/Pois 0%         N/A       100%        3
 Lesser Beckoning         Tloc           0%         N/A       100%        3
 Mephitic Cloud           Conj/Pois/Air  0%         N/A       100%        3
 Teleport Other           Tloc           0%         N/A       100%        3
 Freezing Cloud           Conj/Ice/Air   0%         6-21      100%        5

Inventory:

Hand Weapons
 a - a +0 war axe (weapon) {axe}
Missiles
 g - 6 stones {throwing}
 k - 3 javelins (quivered) {throwing}
 m - 7 poisoned darts {throwing}
 s - 5 boomerangs {throwing}
Armour
 c - a +0 buckler (worn)
 n - a +1 chain mail (worn)
   (You found it on level 2 of the Dungeon)
 A - a +2 pair of boots (worn)
   (You found it on level 4 of the Dungeon)
Jewellery
 b - a ring of see invisible (left hand)
   (You found it on level 2 of the Dungeon)
Wands
 y - a wand of charming (12)
   (You found it on level 4 of the Dungeon)
Scrolls
 e - a scroll of noise {!r}
 l - a scroll of immolation {!r!r}
 p - 2 scrolls of amnesia
 q - a scroll of poison {!r}
 x - a scroll of fog
Potions
 d - a potion of might
 f - 2 potions of attraction {!q}
 i - a potion of mutation {!q}
 o - a potion of brilliance
 r - a potion of degeneration {unknown}
 v - a potion of heal wounds {unknown}
 z - a potion of curing {unknown}

Dungeon Overview and Level Annotations

Branches:
Dungeon (5/15) Zot: 25562
 Temple: D:4-7

Altars:

Shops:
D:2

* #.#. .. #... .
#..##.# ## . .#
#..##.. ...#..
#..##.# .#.#.
.....# ....
#O##.###.#.# #
#@##....##.##.#
#.##..........#
#........#.#####.≈
######.#.........≈
#.###.#####.≈ #.#
#........ #.#
#.###.#.. #.###.##
#....#.#


You could see an ogre.


Message History

You slash the iguana!
You kill the iguana!
You barely miss the scorpion. You barely miss the ice beast.
The scorpion stings you but does no damage.
The ice beast hits you but does no damage.
The scorpion stings you but does no damage.
You now have 44 max hp (+1).
You barely miss the scorpion. You completely miss the ice beast.
The scorpion stings you but does no damage.
The ice beast hits you but does no damage.
The scorpion barely misses you.
The ice beast hits you but does no damage.
You closely miss the scorpion. You headbutt the scorpion.
You hit the ice beast.
The scorpion stings you but does no damage.
The ice beast hits you but does no damage.
The scorpion barely misses you. You furiously retaliate!
You headbutt the scorpion! 😕 HP[+1]
You slash the scorpion!
You kill the scorpion!
You slash the ice beast! You block the ice beast's attack.
The ice beast hits you but does no damage.
You now have 48 max hp (+4).
You are too injured to fight recklessly!
You are too injured to fight recklessly!
You are too injured to fight recklessly!
You are too injured to fight recklessly!
You are too injured to fight recklessly!
You are too injured to fight recklessly!
You are too injured to fight recklessly!
Unknown command.
You hit the ice beast but do no damage. You block the ice beast's attack.
You slash the ice beast! You block the ice beast's attack.
You barely miss the ice beast. Your headbutt misses the ice beast.
The ice beast hits you but does no damage. x2
You closely miss the ice beast. Your headbutt misses the ice beast.
The ice beast hits you but does no damage. 😕 HP[+1]
You slash the ice beast!
You kill the ice beast!
You now have 53 max hp (+5).
You are too injured to fight recklessly!
The orc shouts loudly.
g - 6 stones {throwing} Done exploring. 😎 HP[+16]
Your hp is fully restored (53).
Done exploring.
There is a stone staircase leading up, spattered with blood here.
You see here a jackal corpse.
There is a stone staircase leading up, spattered with blood here.
You climb upwards.
There is a stone staircase leading down here.
There is a stone staircase leading down here.
Items here: ( ))).
You climb downwards.
There is a stone staircase leading up here.
You now have 747 gold pieces (gained 13).
A hound comes into view.
The hound barks!
You hear a shout!
The hound bites you but does no damage.
You hit the hound. You block the hound's attack.
The hound bites you but does no damage.
You closely miss the hound. You block the hound's attack.
An ogre comes into view. It is wielding a +0 giant club.
You block the hound's attack.
You closely miss the hound. Your headbutt misses the hound.
The hound bites you but does no damage. The hound closely misses you.
You furiously retaliate!
You headbutt the hound. You closely miss the hound.
Your headbutt misses the hound.
The hound bites you but does no damage. x2
You miss the hound. Your headbutt misses the hound.
The hound bites you but does no damage. x2
There are monsters nearby!
You miss the hound. Your headbutt misses the hound.
The hound barely misses you. You furiously retaliate!
You headbutt the hound. You block the hound's attack.
The hound closely misses you. You furiously retaliate!
You headbutt the hound.
You kill the hound!
Your Shields skill increases to level 10!
You now have 55 max hp (+2).
The ogre hits you with a +0 giant club!!
You see here a hound corpse. 😮 HP[-18]
You take 18 damage, and now have 35/55 hp.
MASSIVE DAMAGE!! (PAUSE)
You hit the ogre. You barely miss the ogre.
The ogre hits you but does no damage.
You slash the ogre! The ogre barely misses you. 😮 HP[+1]
You barely miss the ogre. You block the ogre's attack.
You hit the ogre. You headbutt the ogre!
The ogre hits you with a +0 giant club!!
* * * LOW HITPOINT WARNING * * *
😨 HP[-20]
You take 20 damage, and now have 16/55 hp.
MASSIVE DAMAGE!! (PAUSE)
You barely miss the ogre. The ogre hits you with a +0 giant club!
You die...

Skill      XL: |  1  2  3  4  5  6  7 |
---------------+----------------------+-----
Shields        | 4 5 6 7 8 10 | 10.0
Armour         | 4 5 6 |  6.0
Fighting       | |  3.6
Axes           | |  2.4

Action                   |  1- 3 |  4- 6 |  7- 9 || total
-------------------------+-------+-------+-------++-------
Melee: War axe           |    88 |   127 |    48 ||   263
       Headbutt          |    12 |    19 |     8 ||    39
  Use: Scroll            |       |       |    12 ||    12
       Potion            |       |       |     1 ||     1
Armor: Scale mail        |    30 |       |       ||    30
       Chain mail        |    17 |   114 |    30 ||   161
Dodge: Dodged            |    42 |    85 |    15 ||   142
Block: Buckler           |    25 |    69 |    17 ||   111

Levels and vault maps discovered:
D:1:      dpeg_arrival_ternary, layout_basic
D:2:      layout_basic, serial_shops, nicolae_square_shop,
          shapermc_ecumenical_altar_flowoftime, serial_bayou_pond_b,
          uniq_jessica
D:3:      layout_rooms, uniq_pargi
D:4:      layout_loops_ring, kennysheep_generic_room_12, uniq_edmund
D:5:      layout_loops_ring, temple_pool_b, st_stairs_8,
          nicolae_fountain_basement

Notes
Turn   | Place    | Note
-------+----------+-------------------------------------------
     0 | D:1      | Sanktem7 the Minotaur Fighter began the quest for the Orb.
     0 | D:1      | Reached XP level 1. HP: 19/19 MP: 0/0
     0 | D:1      | magus.rc [v1.9.6]
   154 | D:1      | Reached skill level 4 in Shields
   158 | D:1      | Reached XP level 2. HP: 26/26 MP: 1/1
   367 | D:1      | Reached skill level 4 in Armour
   809 | D:1      | You pick up a book of Minor Magic and begin reading...
   809 | D:1      | You add the spells Magic Dart, Call Imp and Mephitic Cloud
                  | to your library.
   990 | D:2      | Reached XP level 3. HP: 29/31 MP: 2/2
  1137 | D:2      | You pick up a book of Minor Magic and begin reading...
  1166 | D:2      | Reached skill level 5 in Shields
  1388 | D:2      | Found Teummago's General Store.
  1436 | D:2      | Found a faded altar of an unknown god.
  1633 | D:2      | Noticed Jessica
  1638 | D:2      | Killed Jessica
  1639 | D:2      | Reached XP level 4. HP: 26/39 MP: 3/3
  2019 | D:3      | Noticed a scorpion
  2027 | D:3      | Killed a scorpion
  2028 | D:3      | Reached skill level 5 in Armour
  2028 | D:3      | Reached skill level 6 in Shields
  2028 | D:3      | Reached XP level 5. HP: 29/45 MP: 4/4
  2102 | D:2      | HP: 8/45 [orc wizard/puff of flame (7)]
  2374 | D:3      | Noticed Pargi
  2396 | D:3      | Killed Pargi
  2397 | D:3      | Reached skill level 7 in Shields
  2397 | D:3      | Reached XP level 6. HP: 21/51 MP: 5/5
  3016 | D:4      | magus.rc [v1.9.6]
  3031 | D:4      | You pick up a book of Displacement and begin reading...
  3031 | D:4      | You add the spells Lesser Beckoning, Gell's Gravitas and
                  | Teleport Other to your library.
  3056 | D:4      | Reached skill level 6 in Armour
  3287 | D:4      | Reached skill level 8 in Shields
  3393 | D:4      | Reached XP level 7. HP: 53/57 MP: 6/6
  3541 | D:4      | You add the spells Ignite Poison and Freezing Cloud to your
                  | library.
  3702 | D:4      | magus.rc [v1.9.6]
  3731 | D:4      | Noticed Edmund
  3747 | D:4      | HP: 9/41 [Edmund/+1 flail of draining (3)]
  3750 | D:4      | HP: 3/36 [Edmund/+1 flail of draining (3)]
  3751 | D:4      | HP: 1/35 [Edmund/+1 flail of draining (2)]
  3752 | D:4      | Killed Edmund
  3753 | D:4      | Reached skill level 9 in Shields
  4130 | D:4      | Identified a scroll of acquirement
  4130 | D:4      | Acquired 550 gold pieces
  4139 | D:5      | Entered Level 5 of the Dungeon
  4321 | D:5      | Reached skill level 10 in Shields
  4327 | D:5      | Slain by an ogre

Vanquished Creatures
  Edmund (D:4)
  Pargi (D:3)
  An ice beast (D:5)
  A black bear (D:4)
  3 scorpions
  2 hounds
  Jessica (D:2)
  An iguana (D:5)
  An orc wizard (D:2)
  5 adders
  An ufetubus (D:4)
  A worm (D:4)
  A dart slug (D:2)
  7 orcs
  7 ball pythons
  6 endoplasms
  5 giant cockroaches
  8 goblins
  6 hobgoblins
  8 jackals
  4 quokkas
  8 bats
  4 frilled lizards
  5 kobolds
  7 rats
95 creatures vanquished.

Table legend:
 A = Non-vault XP
 B = Vault XP
 C = Vault XP percentage of total XP
 D = Non-vault monster count
 E = Vault monster count
 F = Vault count percentage of total count
                 A         B        C        D         E       F
            +---------+---------+-------+---------+---------+-------
      Total |     625 |     605 |  49.2 |      84 |      11 |  11.6
            +---------+---------+-------+---------+---------+-------
        D:1 |      35 |       0 |   0.0 |      23 |       0 |   0.0
        D:2 |      77 |      41 |  34.7 |      19 |       3 |  13.6
        D:3 |     177 |     141 |  44.3 |      27 |       1 |   3.6
        D:4 |     294 |     174 |  37.2 |      14 |       3 |  17.6
        D:5 |      42 |     249 |  85.6 |       1 |       4 |  80.0
            +---------+---------+-------+---------+---------+-------

Illustrated notes

Table legend:
 A = Kills in this place as a percentage of kills in entire the game.
 B = Kills by you in this place as a percentage of kills by you in the entire game.
 C = Kills by friends in this place as a percentage of kills by friends in the entire game.
 D = Other kills in this place as a percentage of other kills in the entire game.
 E = Experience gained in this place as a percentage of experience gained in the entire game.
 F = Experience gained in this place divided by the number of levels of this place that you have seen.
                   A       B       C       D       E      F
               +-------+-------+-------+-------+-------+----------------------
         Total | 100.0 | 100.0 |   N/A |   N/A | 100.0 | 246.0
       Dungeon | 100.0 | 100.0 |   N/A |   N/A | 100.0 | 246.0
               +-------+-------+-------+-------+-------+----------------------

Table legend: (Time is in decaauts)
 A = Elapsed time spent in this place.
 B = Non-inter-level travel time spent in this place.
 C = Inter-level travel time spent in this place.
 D = Time resting spent in this place.
 E = Time spent auto-exploring this place.
 F = Levels seen in this place.
 G = Mean time per level.
                   A        B        C        D        E       F      G
               +--------+--------+--------+--------+--------+-----+--------+
         Total |   4436 |   4280 |    156 |    543 |   3048 |   5 |  887.2 |
       Dungeon |   4436 |   4280 |    156 |    543 |   3048 |   5 |  887.2 |
               +--------+--------+--------+--------+--------+-----+--------+

Top non-repeatable levels by time:
     D:2: 1366 daAuts
     D:4: 1194 daAuts
     D:1: 925 daAuts
     D:3: 776 daAuts
     D:5: 174 daAuts
